 Dungeon Crawl Stone Soup version 0.31.0-9-g3a7656b989 (webtiles) character file.

Game seed: 2418061344082672109

324 qw the Skirmisher (level 6, 0/35 HPs)
             Began as a Deep Elf Hunter on Feb 2, 2024.
             Succumbed to an orc's poison
             ... on level 3 of the Dungeon.
             The game lasted 00:00:09 (2076 turns).

qw the Skirmisher (Deep Elf Hunter)                 Turns: 2076, Time: 00:00:09

Health: 0/35       AC: 13    Str: 10    XL:     6   Next: 23%
Magic:  2/8        EV: 11    Int: 14    God:
Gold:   67         SH:  0    Dex: 18    Spells: 5/5 levels left

rFire   . . .        a - +0 shortbow
rCold   . . .        (shield currently unavailable)
rNeg    . . .        f - +0 ring mail
rPois   .            e - +1 helmet
rElec   .            (no cloak)
rCorr   .            h - +0 pair of gloves
SInv    .            b - +0 pair of boots
Will    .....        i - amulet of guardian spirit
Stlth   +            j - +4 ring of protection
HPRegen 0.25/turn    (no ring)
MPRegen 0.11/turn

%: guardian spirit
@: lethally poisoned (0 -> -17), about to teleport
A: no striking features
a: no special abilities


You were on level 3 of the Dungeon.
You visited 1 branch of the dungeon, and saw 3 of its levels.

You collected 67 gold pieces.


   Skills:
 - Level 2.0 Fighting
 + Level 9.5 Ranged Weapons
 - Level 1.0 Armour
 - Level 2.4 Dodging
 - Level 1.2 Stealth


You had 5 spell levels left.
You didn't know any spells.
Your spell library was empty.

Inventory:

Hand Weapons
 a - a +0 shortbow (weapon)
Armour
 b - a +0 pair of boots (worn)
 e - a +1 helmet (worn)
 f - a +0 ring mail (worn)
 h - a +0 pair of gloves (worn)
Jewellery
 i - an amulet of guardian spirit (around neck)
 j - a +4 ring of protection (left hand)
Wands
 l - a wand of polymorph (6)
Scrolls
 g - a scroll of identify
Potions
 c - 2 potions of brilliance {unknown}
 k - 2 potions of attraction {unknown}

Dungeon Overview and Level Annotations

Branches:
Dungeon (3/15)

Altars:
Nemelex Xobeh
Vehumet
Wu Jian
Zin


Message History

A quokka comes into view.
You shoot an arrow. The arrow hits the orc priest.
The orc priest is almost dead.
The orc priest barely misses you.
You shoot an arrow.
The arrow closely misses the orc priest.
The arrow hits the orc!
You kill the orc!
The orc priest closely misses you.
The orc priest mumbles some strange prayers to Beogh against you.
Beogh smites you!
You shoot an arrow. The arrow hits the orc priest.
You kill the orc priest!
The orc priest calls down the wrath of Beogh upon you.
Beogh smites you!
Your Fighting skill increases to level 2!
You shoot an arrow. The arrow barely misses the orc.
The arrow hits the quokka!
You kill the quokka!
You shoot an arrow. The arrow barely misses the orc.
The orc completely misses you.
You shoot an arrow. The arrow barely misses the orc.
The orc barely misses you.
You shoot an arrow. The arrow barely misses the orc.
The orc priest looks encouraged for a moment.
The orc hits you but does no damage.
You are poisoned.
You shoot an arrow. The arrow hits the orc.
The orc is heavily wounded.
You feel sick.
The orc priest miscasts a cantrip.
The orc hits you with a +0 hand axe of venom.
You are lethally poisoned!
2075 ||| READING scroll of teleportation.
As you read the scroll of teleportation, it crumbles to dust.
You feel strangely unstable.
You feel very sick. The orc completely misses you.
You shoot an arrow. The arrow hits the orc.
The orc is severely wounded.
You die...

..........# ..
..........# #.....
.......|..########......
.................)......
##########..............
#.........%.... #####
####........).....
....###.........oo......
###.##.....)....@..##
###............)...#####
.....#####............>#
###..#.).#.........###.#
###...#...#........# #.#
..#..#...#.........# #.#
..#..#####.######### #.#
..#........# #.#
#...#....### ##.#


You could see an orc priest and an orc.

Vanquished Creatures
  Sigmund (D:2)
  An orc priest (D:3)
  Jessica (D:2)
  Terence (D:2)
  An adder (D:2)
  3 dart slugs
  6 orcs (D:3)
  7 ball pythons
  9 bats
  9 endoplasms
  A giant cockroach (D:2)
  5 goblins
  6 hobgoblins
  6 kobolds
  5 quokkas
  6 frilled lizards
  5 rats
73 creatures vanquished.

Notes
Turn   | Place    | Note
-------+----------+-------------------------------------------
     0 | D:1      | qw the Deep Elf Hunter began the quest for the Orb.
     0 | D:1      | Reached XP level 1. HP: 12/12 MP: 3/3
     0 | D:1      | 0 ||| qw: Version: 0.3-a-155-g5e7d8dd
     0 | D:1      | 0 ||| qw: Game counter: 1765
     0 | D:1      | 0 ||| qw: Melee chars always use a shield: true
     0 | D:1      | 0 ||| qw: God list: Okawaru
     0 | D:1      | 0 ||| qw: Allow faded altars: false
     0 | D:1      | 0 ||| qw: Do Orc after clearing Dungeon:15 true
     0 | D:1      | 0 ||| qw: Do second Lair branch before Depths: true
     0 | D:1      | 0 ||| qw: Lair rune preference: random
     0 | D:1      | 0 ||| qw: Goals: Normal
     0 | D:1      | 0 ||| PLANNING D:1-11
    83 | D:1      | Reached skill level 6 in Ranged Weapons
    83 | D:1      | Reached XP level 2. HP: 16/16 MP: 4/4
   411 | D:1      | Found a faded altar of an unknown god.
   514 | D:1      | 514 ||| UPGRADING to +1 helmet.
   519 | D:1      | 519 ||| UPGRADING to +0 ring mail.
   529 | D:1      | 529 ||| DROPPING +0 leather armour.
   530 | D:1      | 530 ||| UPGRADING to +0 pair of gloves.
   535 | D:1      | 535 ||| UPGRADING to amulet of guardian spirit.
   540 | D:1      | 540 ||| UPGRADING to +4 ring of protection.
   541 | D:1      | 541 ||| READING scroll labelled WUSEUDGH XOSHOE.
   541 | D:1      | 541 ||| IDENTIFYING 2 lumpy ruby potions
   542 | D:1      | 542 ||| DROPPING scroll of butterflies.
   583 | D:2      | Reached XP level 3. HP: 20/20 MP: 5/5
   598 | D:2      | Noticed Terence
   613 | D:2      | Killed Terence
   614 | D:2      | Reached skill level 7 in Ranged Weapons
   793 | D:2      | Noticed Jessica
   795 | D:2      | 795 ||| DRINKING 2 potions of haste.
   799 | D:2      | Reached XP level 4. HP: 25/25 MP: 6/6
   806 | D:2      | Killed Jessica
   807 | D:2      | 807 ||| FLEEEEING.
   808 | D:2      | 808 ||| FLEEEEING.
   809 | D:2      | 809 ||| FLEEEEING.
   810 | D:2      | 810 ||| FLEEEEING.
   989 | D:2      | Noticed Sigmund
   990 | D:2      | 990 ||| DRINKING potion of haste.
   999 | D:2      | Reached skill level 8 in Ranged Weapons
  1006 | D:2      | Killed Sigmund
  1007 | D:2      | Reached skill level 9 in Ranged Weapons
  1007 | D:2      | Reached XP level 5. HP: 20/29 MP: 3/7
  1170 | D:2      | 1170 ||| UPGRADING to +0 pair of boots.
  1175 | D:2      | 1175 ||| READING scroll of identify.
  1175 | D:2      | 1175 ||| IDENTIFYING glowing clear potion
  1176 | D:2      | 1176 ||| READING 2 scrolls labelled ATIREP BOERI.
  1179 | D:2      | 1179 ||| DROPPING potion of lignification.
  1367 | D:3      | Found a sparkling altar of Nemelex Xobeh.
  1393 | D:3      | Reached XP level 6. HP: 34/34 MP: 8/8
  1431 | D:3      | Found a glowing silver altar of Zin.
  1780 | D:3      | Identified the +8 spear of Bodily Humours {elec, Will+
                  | rCorr Dex-3}
  1974 | D:3      | Found a radiant altar of Vehumet.
  1974 | D:3      | Found an ornate altar of the Wu Jian Council.
  1995 | D:3      | Reached skill level 1 in Armour
  2074 | D:3      | HP: 8/35 [orc/+0 hand axe of venom (5)]
  2075 | D:3      | 2075 ||| READING scroll of teleportation.
  2075 | D:3      | HP: 3/35 [poisoned by an orc]
  2076 | D:3      | Succumbed to an orc's poison

Levels and vault maps discovered:
D:1:      zaba_arrival_water, layout_rooms,
          dreamdust_ecumenical_altar_angels_and_demons
D:2:      layout_loops_ring, uniq_terence, uniq_jessica, uniq_sigmund
D:3:      layout_basic, mainiacjoe_overflow_brackets,
          nicolae_overflow_crystal_walls, gammafunk_temple_overflow_pools,
          minmay_distorted

Skill      XL: |  1  2  3  4  5  6 |
---------------+-------------------+-----
Ranged Weapons | 6 7 9 |  9.5
Armour         | 1 |  1.0
Fighting       | 2 |  2.0
Dodging        | |  2.4
Stealth        | |  1.2

Action                     |  1- 3 |  4- 6 || total
---------------------------+-------+-------++-------
   Fire: Shortbow          |   101 |   103 ||   204
    Use: Scroll            |     1 |     3 ||     4
         Potion            |     1 |     1 ||     2
 Armour: Leather armour    |    16 |       ||    16
         Ring mail         |     9 |    18 ||    27
  Dodge: Dodged            |    33 |    16 ||    49

Table legend:
 A = Non-vault XP
 B = Vault XP
 C = Vault XP percentage of total XP
 D = Non-vault monster count
 E = Vault monster count
 F = Vault count percentage of total count
                 A         B        C        D         E       F
            +---------+---------+-------+---------+---------+-------
      Total |     172 |     291 |  62.9 |      68 |       5 |   6.8
            +---------+---------+-------+---------+---------+-------
        D:1 |      40 |       0 |   0.0 |      24 |       0 |   0.0
        D:2 |      38 |     287 |  88.3 |      17 |       3 |  15.0
        D:3 |      94 |       4 |   4.1 |      27 |       2 |   6.9
            +---------+---------+-------+---------+---------+-------
